AoeStats
← Stoskraw

Black Forest

507825712Analyzed
4v4 RM · 12d ago on Sep 19, 2026· 60m 10s· 8 players
Game mode
Random Map
Map size
Large (8 player)
Population
200
Speed
Normal
Resources
Standard
Victory
Conquest
Starting age
Dark Age
Ending age
Imperial Age
RankedLock teamsTeams togetherTeam positionsShared explorationLock speedFull tech treeHidden civsTurbo modeCheats
Victory
Defeat
🇹🇷 Persians · Türkiye
879
+14
🇹🇷 Turks · Türkiye
875
+15
🇩🇪 Chinese · Germany
869
+15
🇩🇪 Khmer · Germany
814
+17
🇺🇸 Slavs · United States
872
-16
🇺🇸 Persians · United States
853
-16
🇨🇴 Tupi · Colombia
844
-15
🇺🇸 Inca · United States
809
-14
Paolosip3532
0:33 Loom
14:26 Feudal Age
14:59 Double-Bit Axe
15:07 Gold Mining
15:15 Stone Mining
16:21 Wheelbarrow
15:31 Horse Collar
23:49 Castle Age
22:06 Fletching
22:18 Padded Archer Armor
25:36 Hand Cart
25:36 Bow Saw
25:29 Bodkin Arrow
25:45 Town Watch
26:39 Gold Shaft Mining
33:52 Imperial Age
31:01 Champi Runner
32:18 Scale Mail Armor
31:52 Champi Warrior
36:00 Forging
36:54 Chain Mail Armor
37:57 Iron Casting
38:00 Elite Champi Warrior
41:20 Iron Casting
42:52 Caravan
45:34 Elite Blackwood Archer
xxyvonnederful
12:07 Feudal Age
16:09 Castle Age
15:46 Double-Bit Axe
18:44 Wheelbarrow
24:12 Hand Cart
24:52 Gold Mining
24:56 Stone Mining
25:16 Horse Collar
26:26 Husbandry
26:37 Bloodlines
28:11 Heavy Plow
30:57 Imperial Age
28:15 Loom
28:16 Town Watch
28:42 Scale Barding Armor
28:48 Forging
30:59 Gold Shaft Mining
31:00 Stone Shaft Mining
31:16 Cavalier
33:12 Chain Barding Armor
33:28 Iron Casting
33:12 Bow Saw
32:52 Savar
35:17 Plate Barding Armor
35:51 Chemistry
35:18 Ballistics
35:09 Masonry
34:54 Fletching
36:10 Conscription
36:03 Citadels
35:55 Kamandaran
37:23 Hoardings
39:05 Blast Furnace
38:05 Bodkin Arrow
38:15 Murder Holes
38:52 Architecture
39:26 Padded Archer Armor
Stoskraw
0:31 Loom
14:07 Feudal Age
26:27 Castle Age
32:59 Imperial Age
30:54 Double-Bit Axe
34:40 Conscription
35:52 Forging
35:34 Fletching
37:56 Bow Saw
42:16 Heavy Scorpion
Konivorus
0:57 Loom
13:20 Feudal Age
13:47 Horse Collar
13:53 Double-Bit Axe
14:01 Gold Mining
19:59 Castle Age
19:50 Forging
19:40 Scale Mail Armor
19:02 Man-at-Arms
20:18 Stone Mining
20:47 Squires
22:25 Gold Shaft Mining
25:52 Wheelbarrow
26:00 Caravan
26:03 Fletching
26:54 Heavy Plow
28:21 Hand Cart
30:32 Bloodlines
31:00 Iron Casting
30:40 Chain Mail Armor
29:47 Long Swordsman
35:03 Imperial Age
32:07 Pikeman
33:21 Detinets
33:38 Scale Barding Armor
34:41 Husbandry
35:34 Sanctity
36:06 Conscription
35:56 Murder Holes
36:22 Ballistics
36:20 Elite Boyar
38:04 Theocracy
37:46 Block Printing
37:57 Illumination
38:24 Chain Barding Armor
37:26 Two-Handed Swordsman
38:45 Hoardings
39:53 Plate Barding Armor
39:44 Champion
40:08 Halberdier
43:29 Druzhina
45:20 Crop Rotation
46:29 Blast Furnace
45:37 Light Cavalry
47:21 Plate Mail Armor
50:53 Chemistry
50:11 Hussar
57:05 Masonry
Matambo
5:20 Loom
11:41 Feudal Age
13:31 Wheelbarrow
17:28 Castle Age
15:41 Horse Collar
15:49 Double-Bit Axe
15:57 Stone Mining
20:30 Hand Cart
22:22 Gold Mining
22:56 Heavy Plow
24:56 Bow Saw
24:59 Town Watch
26:12 Ballistics
30:00 Imperial Age
29:02 Gold Shaft Mining
29:10 Stone Shaft Mining
29:10 Padded Archer Armor
29:07 Fletching
31:10 Crop Rotation
30:49 Scale Barding Armor
30:55 Forging
31:03 Leather Archer Armor
32:29 Chemistry
33:05 Chain Barding Armor
33:21 Iron Casting
32:41 Bodkin Arrow
33:22 Conscription
34:07 Elite Ballista Elephant
35:32 Double Crossbow
36:30 Bracer
37:32 Ring Archer Armor
38:13 Plate Barding Armor
38:56 Blast Furnace
49:59 Caravan
50:30 Coinage
Ronk999
0:39 Loom
12:05 Feudal Age
17:00 Castle Age
15:58 Double-Bit Axe
15:55 Horse Collar
19:08 Bow Saw
19:18 Scale Barding Armor
24:44 Fletching
27:24 Stone Mining
27:26 Gold Mining
28:04 Town Watch
28:28 Bodkin Arrow
29:21 Heavy Plow
30:36 Wheelbarrow
30:46 Thumb Ring
31:48 Padded Archer Armor
32:27 Caravan
35:31 Imperial Age
33:33 Leather Archer Armor
33:53 Ballistics
33:37 Town Patrol
34:38 Stone Shaft Mining
34:38 Gold Shaft Mining
34:16 Scale Mail Armor
37:20 Chemistry
36:43 Hand Cart
37:36 Two-Man Saw
36:45 Bracer
37:16 Ring Archer Armor
36:51 Capped Ram
37:58 Conscription
38:59 Elite Chu Ko Nu
39:26 Siege Ram
39:42 Heavy Rocket Cart
41:09 Great Wall
42:01 Pikeman
43:31 Halberdier
47:46 Heated Shot
52:10 Masonry
52:26 Chain Mail Armor
52:21 Forging
52:32 Chain Barding Armor
54:17 Squires
54:02 Arson
53:43 Elite Fire Lancer
56:50 Iron Casting
56:45 Plate Mail Armor
56:50 Plate Barding Armor
Delii
0:30 Loom
17:44 Feudal Age
21:04 Horse Collar
21:16 Gold Mining
21:19 Stone Mining
21:15 Double-Bit Axe
23:37 Castle Age
22:00 Padded Archer Armor
25:13 Wheelbarrow
25:14 Bow Saw
28:08 Imperial Age
27:52 Heavy Plow
30:06 Two-Man Saw
32:49 Gold Shaft Mining
34:14 Hand Cart
35:19 Conscription
35:30 Elite Janissary
39:36 Leather Archer Armor
39:57 Artillery
40:33 Ballistics
43:09 Ring Archer Armor
Karabasan
0:27 Loom
11:51 Feudal Age
20:23 Castle Age
20:31 Double-Bit Axe
20:29 Horse Collar
20:42 Gold Mining
20:45 Stone Mining
23:10 Bow Saw
23:38 Gold Shaft Mining
26:21 Stone Shaft Mining
25:48 Heavy Plow
35:01 Imperial Age
34:59 Wheelbarrow
34:10 Town Watch
36:23 Hand Cart
36:37 Conscription
36:33 Citadels
38:00 Kamandaran
38:55 Town Patrol
39:59 Heavy Camel Rider
40:49 Scale Barding Armor
40:55 Forging
41:19 Crossbowman
42:05 Thumb Ring
43:24 Two-Man Saw
43:05 Chain Barding Armor
44:25 Sappers
45:32 Hoardings
47:25 Chemistry
48:40 Plate Barding Armor
48:41 Iron Casting
48:07 Scale Mail Armor
48:07 Padded Archer Armor
47:58 Fletching
55:38 Light Cavalry
56:28 Bloodlines
56:19 Husbandry
57:05 Hussar
Connection lost

Rejoining the realm…

Still unreachable

The connection could not be restored.

Session expired

The server has moved on; the page needs a fresh start.